 Dungeon Crawl Stone Soup version 0.19-a0-905-ge5e6a15 (webtiles) character file.

2959 Moloch the Arsonist (level 9, -2/57 HPs)
             Began as a Demonspawn Wizard on July 5, 2016.
             Was an Initiate of Vehumet.
             Slain by a wight
             ... wielding a +0 vampiric halberd
              (3 damage)
             ... on level 6 of the Dungeon.
             The game lasted 00:18:16 (5803 turns).

Moloch the Arsonist (Demonspawn Wizard)             Turns: 5803, Time: 00:18:18

Health: -2/57      AC:  2    Str:  7    XL:     9   Next: 52%
Magic:  0/19       EV: 11    Int: 24    God:    Vehumet [......]
Gold:   213        SH:  0    Dex: 11    Spells: 5 memorised, 10 levels left

rFire  . . .     SeeInvis .     z - +1 rapier (venom)
rCold  . . .     Gourm    .     a - +0 robe
rNeg   . . .     Faith    .     (no shield)
rPois  +         Spirit   +     b - +0 hat
rElec  .         Dismiss  .     (no cloak)
rCorr  .         Reflect  .     (no gloves)
SustAt .         Harm     .     s - -1 pair of boots (curse)
MR     .....                    j - amulet of magic regeneration
Stlth  +.........               (no ring)
                                o - ring of poison resistance

@: very slightly contaminated, drained, not resistant to hostile enchantments,
very unstealthy
A: talons 2, spiny 1, wild magic 1, magic shield
a: Renounce Religion


You were on level 6 of the Dungeon.
You worshipped Vehumet.
Vehumet was noncommittal.
You were very hungry.

You visited 2 branches of the dungeon, and saw 7 of its levels.

You collected 213 gold pieces.

Inventory:

Hand Weapons
 q - a +2 scythe of venom
 z - a +1 rapier of venom (weapon)
Armour
 a - a +0 robe (worn)
 b - a +0 hat (worn)
 s - a cursed -1 pair of boots (worn)
Jewellery
 j - an amulet of magic regeneration (around neck)
 o - a ring of poison resistance (left hand)
 H - an uncursed ring of ice
Wands
 g - a wand of paralysis (8/24)
 y - a wand of iceblast (7/15)
 J - a wand of polymorph (18/24)
 K - a wand of iceblast (8/15)
 M - a wand of lightning (9/15)
Scrolls
 e - a scroll of magic mapping {unknown}
 f - a scroll of fog {unknown}
 h - a scroll of noise {unknown}
 k - 3 scrolls of fear {unknown}
 v - a scroll of blinking {unknown}
 w - a scroll of remove curse {unknown}
 x - 4 scrolls of enchant armour {unknown}
 C - a scroll of enchant weapon {unknown}
 D - a scroll of teleportation {unknown}
 I - a scroll of amnesia {unknown}
Potions
 l - a potion of flight
 n - a potion of cure mutation
 u - a potion of curing
 B - 2 potions of brilliance
 E - 2 potions of cancellation {unknown}
 F - a potion of ambrosia {unknown}
 G - 2 potions of magic {unknown}
 L - a potion of might {unknown}
Books
 c - a book of Minor Magic

   Spells                             Type                      Level
   a - Magic Dart                     Conjuration                  1
   b - Blink                          Translocation                2
   c - Call Imp                       Summoning                    2
   d - Repel Missiles                 Charms/Air                   2
   e - Slow                           Hexes                        2
   f - Conjure Flame                  Conjuration/Fire             3
   g - Mephitic Cloud                 Conjuration/Poison/Air       3
 p - a book of Death

   Spells                             Type                      Level
   a - Corpse Rot                     Necromancy                   2
   b - Sublimation of Blood           Necromancy                   2
   c - Agony                          Necromancy                   5
   d - Dispel Undead                  Necromancy                   5
   e - Excruciating Wounds            Charms/Necromancy            5
   f - Bolt of Draining               Conjuration/Necromancy       5
Comestibles
 d - 8 bread rations
 m - 2 slices of pizza
 r - a meat ration
 t - a fruit
 A - a beef jerky


   Skills:
 - Level 1.7(0.8) Dodging
 - Level 1.7(0.8) Stealth
 + Level 6.8(5.7) Spellcasting
 + Level 7.1(5.9) Conjurations
 - Level 1.0(0.0) Summonings
 - Level 0.8(0.0) Translocations
 * Level 8.2(7.1) Fire Magic


You had 10 spell levels left.
You knew the following spells:

 Your Spells              Type           Power        Failure   Level  Hunger
a - Magic Dart            Conj           ####         1%          1    None
b - Blink                 Tloc           N/A          21%         2    None
c - Call Imp              Summ           #.......     17%         2    None
d - Mephitic Cloud        Conj/Pois/Air  ###.....     21%         3    #......
e - Conjure Flame         Conj/Fire      #####...     3%          3    #......


Dungeon Overview and Level Annotations

Branches:
Dungeon (6/15)             Temple (1/1) D:6

Altars:
Ashenzari
Elyvilon
Fedhas
Gozag
Hepliaklqana
Kikubaaqudgha
Makhleb
Nemelex Xobeh
Okawaru
Pakellas
Qazlal
Ru
Trog
Vehumet
Xom
Zin
The Shining One

Shops:
D:5 *   D:6 %


Innate Abilities, Weirdness & Mutations

You have razor-sharp toenails.
You are partially covered in sharp spines.
When hurt, damage is shared between your health and your magic reserves.
Your spells are a little harder to cast, but a little more powerful.


Message History

You feel drained.
* * * LOW HITPOINT WARNING * * *
You feel better.
Your iron imp closely misses the wight.
You hit the wight.
The wight is severely damaged.
The wight is struck by your spines. The wight barely misses you.
Your iron imp hits the wight but does no damage.
You hit the wight.
The wight is almost destroyed.
The wight hits you with a vampiric halberd!
* * * LOW HITPOINT WARNING * * *
The wight draws strength from your injuries!
Your iron imp barely misses the wight.
You hit the wight but do no damage.
The wight is moderately damaged.
The wight is struck by your spines.
The wight hits you with a vampiric halberd!
* * * LOW HITPOINT WARNING * * *
You feel drained.
You die...

#..## ##.......# ####
##......# # # #......#
## #.## ##.....# .###
....## ##....# ..(##
......#####...# #...###
.......#......#
##....##.........5.###.#
###............@### #.##
##...#.......5z# ##.#
#...###........# ###
....## #.........
g....## ##......$.#
...>. ##....!### .g...
##.#### #.... ## .....


You could see a wight, a friendly iron imp and a friendly crimson imp.

Vanquished Creatures
  Pikel (D:5)
  Sigmund (D:6)
  The ghost of Shenda the Ruffian, an amateur TrMo (D:4)
  A hippogriff (D:6)
  Duvessa (D:4)
  An orc warrior (D:4)
  A slave (D:5)
  3 sky beasts (D:5)
  4 ogres
  2 centaurs
  2 giant frogs
  Dowan (D:4)
  2 scorpions
  3 wights (D:6)
  2 howler monkeys
  A crimson imp (D:5)
  A centaur zombie (D:5)
  2 orc wizards
  A giant frog skeleton (D:3)
  3 worker ants
  6 gnolls
  6 adders
  3 oozes
  An adder zombie (D:6)
  3 adder skeletons (D:5)
  2 worms (D:3)
  4 dart slugs
  7 giant geckos
  13 orcs
  6 giant cockroaches
  7 goblins
  9 hobgoblins
  4 jackals (D:3)
  5 kobolds
  3 quokkas
  8 bats
  5 giant newts
  A quokka skeleton (D:6)
  A quokka zombie (D:5)
  2 rats
130 creatures vanquished.

Vanquished Creatures (collateral kills)
  Eustachio (D:4)
  An ice beast (D:6)
  A gnoll (D:6)
3 creatures vanquished.

Grand Total: 133 creatures vanquished

Notes
Turn   | Place    | Note
-------+----------+-------------------------------------------
     0 | D:1      | Moloch the Demonspawn Wizard began the quest for the Orb.
     0 | D:1      | Reached XP level 1. HP: 13/13 MP: 4/4
   391 | D:1      | Gained mutation: When hurt, damage is shared between your health and your magic reserves. [demonic ancestry]
   391 | D:1      | Reached XP level 2. HP: 8/19 MP: 1/6
   812 | D:1      | Learned a level 2 spell: Blink
   815 | D:1      | Learned a level 2 spell: Call Imp
   932 | D:1      | Reached XP level 3. HP: 24/24 MP: 4/7
  1473 | D:1      | Learned a level 3 spell: Mephitic Cloud
  1862 | D:2      | Gained mutation: You have sharp toenails. [demonic ancestry]
  1862 | D:2      | Reached XP level 4. HP: 30/30 MP: 4/8
  2285 | D:3      | Gained mutation: You are partially covered in sharp spines. [demonic ancestry]
  2285 | D:3      | Reached XP level 5. HP: 32/35 MP: 3/10
  2718 | D:3      | Learned a level 3 spell: Conjure Flame
  2916 | D:3      | Reached skill level 5 in Conjurations
  3003 | D:4      | Gained mutation: You have razor-sharp toenails. [demonic ancestry]
  3003 | D:4      | Reached XP level 6. HP: 41/41 MP: 8/12
  3066 | D:4      | Noticed Eustachio
  3120 | D:4      | Killed Eustachio
  3172 | D:4      | Noticed Dowan
  3172 | D:4      | Noticed Shenda's ghost (amateur TrMo)
  3231 | D:4      | Killed Shenda's ghost
  3231 | D:4      | Reached skill level 5 in Spellcasting
  3231 | D:4      | Reached XP level 7. HP: 34/46 MP: 3/14
  3389 | D:4      | Killed Dowan
  3413 | D:4      | Noticed Duvessa
  3448 | D:4      | Killed Duvessa
  4119 | D:5      | Entered Level 5 of the Dungeon
  4139 | D:5      | Reached skill level 2 in Fire Magic
  4139 | D:5      | Reached XP level 8. HP: 47/52 MP: 12/17
  4152 | D:5      | Gained mutation: Your spells are a little harder to cast, but a little more powerful. [mutagenic meat]
  4341 | D:5      | Reached skill level 3 in Fire Magic
  4371 | D:5      | Noticed Pikel
  4386 | D:5      | Killed Pikel
  4386 | D:5      | Reached skill level 5 in Fire Magic
  4482 | D:5      | Found Cacom's Assorted Antiques.
  4491 | D:5      | Reached skill level 6 in Fire Magic
  4677 | D:5      | Reached skill level 7 in Fire Magic
  4677 | D:5      | Reached XP level 9. HP: 57/57 MP: 6/18
  4955 | D:6      | Found Jusixylu's Food Boutique.
  5204 | D:6      | Reached skill level 8 in Fire Magic
  5266 | D:6      | Found a staircase to the Ecumenical Temple.
  5276 | Temple   | Entered the Ecumenical Temple
  5313 | Temple   | Became a worshipper of Vehumet
  5399 | D:6      | Noticed Sigmund
  5413 | D:6      | Killed Sigmund
  5448 | D:6      | Found a hazy altar of Hepliaklqana.
  5448 | D:6      | Found a glowing silver altar of Zin.
  5803 | D:6      | HP: 1/57 [wight/vampiric halberd (7)]
  5803 | D:6      | Slain by a wight

Vault maps used:
D:1:      minmay_arrival_stone_box, feat_on_display
D:4:      kennysheep_boxes, uniq_eustachio, uniq_duvessa
D:5:      serial_shops, shop, first_bread, uniq_pikel
D:6:      gammafunk_temple_overflow_wave, serial_shops, shop, uniq_sigmund
Temple:   eino_wide_crystal_templ

Skill      XL: |  1  2  3  4  5  6  7  8  9 |
---------------+----------------------------+-----
Conjurations   | 2 3 4 5 6 7 |  7.1
Spellcasting   | 4 5 6 |  6.8
Fire Magic     | 2 7 8 |  8.2
Dodging        | |  1.7
Stealth        | |  1.7
Summonings     | |  1.0
Translocations | |  0.8

Action                   |  1- 3 |  4- 6 |  7- 9 || total
-------------------------+-------+-------+-------++-------
Melee: Whip              |    25 |    23 |       ||    48
       Rapier            |       |     2 |    74 ||    76
 Cast: Magic Dart        |    76 |   111 |   155 ||   342
       Call Imp          |     1 |     6 |     5 ||    12
       Blink             |       |     1 |     4 ||     5
       Mephitic Cloud    |       |     7 |    22 ||    29
       Conjure Flame     |       |     3 |     5 ||     8
  Use: Scroll            |       |     1 |     6 ||     7
       Potion            |       |       |     1 ||     1
 Stab: Confused          |       |     3 |     1 ||     4
  Eat: Chunk             |     3 |     4 |     9 ||    16
Armor: Robe              |     1 |     2 |     6 ||     9
Dodge: Dodged            |    18 |    17 |    37 ||    72
